 Dungeon Crawl Stone Soup version 0.20-a0-1074-g6a0a8e1 (console) character file.

217 nht the Insei (level 5, -5/39 HPs)
             Began as a Vampire Monk on Apr 29, 2017.
             Was a Believer of Wu Jian.
             Slain by Duvessa
             ... wielding a +0 short sword
              (11 damage)
             ... on level 4 of the Dungeon.
             The game lasted 00:04:09 (2194 turns).

nht the Insei (Vampire Monk)                        Turns: 2194, Time: 00:04:09

Health: -5/39      AC:  2    Str: 10    XL:     5   Next: 62%
Magic:  5/5        EV: 14    Int: 14    God:    Wu Jian [**....]
Gold:   154        SH:  0    Dex: 16    Spells: 4/4 levels left

rFire    . . .     SeeInvis +     - Unarmed
rCold    . . .     Gourm    .   (no shield)
rNeg     . . .     Faith    .   a - +0 robe
rPois    .         Spirit   .   (no helmet)
rElec    .         Reflect  .   (no cloak)
rCorr    .         Harm     .   (no gloves)
MR       .....                  (no boots)
Stlth    ++........             (no amulet)
Regen    0.4/turn               (no ring)
MPRegen  0.1/turn               (no ring)

@: lethally poisoned (-5 -> -5), regenerating quickly
A: fangs 3, see invisible, unbreathing
a: Renounce Religion


You were on level 4 of the Dungeon.
You worshipped Wu Jian.
Wu Jian was pleased with you.
You were very full.

You visited 1 branch of the dungeon, and saw 4 of its levels.

You collected 154 gold pieces.

Inventory:

Armour
 a - a +0 robe (worn)
Scrolls
 c - 3 scrolls of teleportation {unknown}
 d - 2 scrolls of random uselessness {unknown}
 f - a scroll of enchant armour {unknown}
 g - 5 scrolls of identify {unknown}
 h - 3 scrolls of amnesia {unknown}
 i - a scroll of enchant weapon {unknown}
 j - a scroll of recharging {unknown}
 m - 2 scrolls of remove curse {unknown}
Potions
 b - 19 potions of blood
 l - a potion of resistance
 n - a potion of degeneration {unknown}
 o - 2 potions of berserk rage {unknown}
 p - a potion of heal wounds {unknown}


   Skills:
 - Level 2.6 Fighting
 - Level 3.2 Dodging
 - Level 3.0 Stealth
 + Level 7.0 Unarmed Combat


You had 4 spell levels left.
You didn't know any spells.

Dungeon Overview and Level Annotations

Branches:
Dungeon (4/15)
 Temple: D:4-7

Altars:
Ashenzari
Fedhas
Hepliaklqana
Sif Muna
Wu Jian

Annotations:
D:4 Duvessa


Innate Abilities, Weirdness & Mutations

Your natural rate of healing is unusually fast.
You have razor-sharp teeth.
You have supernaturally acute eyesight. (SInv)
You can survive without breathing.


Message History

Your Unarmed Combat skill increases to level 7!
You aren't carrying any items that you can evoke.
Okay, then.
Okay, then.
It was a potion of resistance.
You feel protected. Duvessa hits you with a short sword.
* * * LOW HITPOINT WARNING * * *
You turn into a tree.
Your +0 robe melds into your body.
Your roots penetrate the ground.
You feel sick. Duvessa barely misses you.
It was a potion of cancellation.
Your magical effects are unravelling.
You feel magically purged.
You feel less wooden.
Your +0 robe unmelds from your body.
Your resistance to elements expires.
Duvessa hits you with a short sword.
* * * LOW HITPOINT WARNING * * *
Duvessa hits you with a short sword!
You die... ███ ..█ ████

███ █.█ █..
.....██████████ █.█ █.█
█..e@.......
█.███.███████████)█████.██
............████<....$$...
..................█████...
█<███.█.█......█..█ █.█
█.█.███.......█ ..█
█.█.██........█ ███
█.█.█...>.....█
█.█.██.......██


You could see Duvessa (berserk).

Vanquished Creatures
  Dowan (D:4)
  3 gnolls (D:2)
  8 adders
  An ooze (D:4)
  An adder skeleton (D:3)
  A dart slug (D:2)
  A leopard gecko (D:1)
  A ball python (D:2)
  6 bats
  4 giant cockroaches
  3 goblins
  7 hobgoblins
  4 jackals (D:2)
  10 kobolds
  4 frilled lizards (D:1)
  3 rats (D:1)
58 creatures vanquished.

Notes
Turn   | Place    | Note
-------+----------+-------------------------------------------
     0 | D:1      | nht the Vampire Monk began the quest for the Orb.
     0 | D:1      | Reached XP level 1. HP: 17/17 MP: 1/1
   148 | D:1      | Reached skill level 4 in Unarmed Combat
   148 | D:1      | Reached XP level 2. HP: 20/23 MP: 2/2
   516 | D:2      | Found an ornate altar of the Wu Jian Council.
   582 | D:2      | Became a worshipper of the Wu Jian Council
   582 | D:2      | Reached * piety under Wu Jian
   582 | D:2      | Reached ** piety under Wu Jian
   613 | D:2      | Reached XP level 3. HP: 21/28 MP: 3/3
   886 | D:2      | Found a blossoming altar of Fedhas.
   965 | D:2      | Reached skill level 5 in Unarmed Combat
   969 | D:2      | Reached XP level 4. HP: 34/34 MP: 4/4
  1527 | D:3      | Reached skill level 6 in Unarmed Combat
  1629 | D:3      | Found a deep blue altar of Sif Muna.
  1629 | D:3      | Found a shattered altar of Ashenzari.
  1688 | D:3      | Reached XP level 5. HP: 34/39 MP: 5/5
  1736 | D:3      | Found a hazy altar of Hepliaklqana.
  2180 | D:4      | Noticed Dowan
  2183 | D:4      | Noticed Duvessa
  2191 | D:4      | Killed Dowan
  2191 | D:4      | Reached skill level 7 in Unarmed Combat
  2194 | D:4      | Slain by Duvessa

Vault maps used:
D:1:      saegor_arrival_simple_c
D:2:      lemuel_crystal_altar, lemuel_doored_altar, minivault_11,
          kennysheep_generic_room_14
D:3:      old_standard_altar, gammafunk_temple_overflow_statue,
          kennysheep_generic_room_12
D:4:      yredelemnul_forgotten_temple_becter, minmay_temple_entry_overgrown,
          first_bread, uniq_blork_the_orc, uniq_duvessa, uniq_grinder

Skill      XL: |  1  2  3  4  5 |
---------------+----------------+-----
Unarmed Combat | 4 5 6 7 |  7.0
Fighting       | |  2.6
Dodging        | |  3.2
Stealth        | |  3.0

Action                   |  1- 3 |  4- 6 || total
-------------------------+-------+-------++-------
Melee: Unarmed           |    78 |    87 ||   165
       Bite              |     4 |    12 ||    16
       Punch             |       |     1 ||     1
  Use: Potion            |     8 |     6 ||    14
 Stab: Sleeping          |     5 |     7 ||    12
  Eat: Corpse            |       |     4 ||     4
Armor: Robe              |     9 |     2 ||    11
       Skin              |     3 |     1 ||     4
Dodge: Dodged            |    42 |    39 ||    81
